 Dungeon Crawl Stone Soup version 0.27-a0-1139-g28e009f8a6 (webtiles) character file.

Game seed: 14509747401400449436

58783 senseless the Fighter (level 14, -23/118 HPs)
             Began as a Demonspawn Berserker on May 7, 2021.
             Was a High Priest of Trog.
             Killed from afar by a hell hog (52 damage)
             ... with a fireball
             ... on level 1 of the Depths.
             The game lasted 01:00:13 (20564 turns).

senseless the Fighter (Demonspawn Berserker)       Turns: 20564, Time: 01:00:13

Health: -23/118    AC: 13    Str: 22    XL:     14   Next: 50%
Magic:  14/14      EV: 19    Int: 10    God:    Trog [*****.]
Gold:   858        SH: 25    Dex: 12    Spells: 13/13 levels left

rFire    . . .     SeeInvis .   C - +7 captain's cutlass {speed, disarm}
rCold    . . .     Faith    .   q - +3 tower shield {rN+}
rNeg     + . .     Spirit   .   u - +0 steam dragon scales
rPois    .         Reflect  +   F - +2 hat {Stlth+}
rElec    .         Harm     .   p - +2 cloak
rCorr    .         Rampage  .   g - +0 pair of gloves
Will     +....                  (no boots)
Stlth    ++++......             G - amulet of reflection
HPRegen  0.29/turn              l - +4 ring of slaying
MPRegen  0.28/turn              L - +4 ring of evasion

@: marked
A: hooves 2, repulsion field 2, ignite blood 1, magic regeneration
a: Renounce Religion, Berserk, Trog's Hand, Brothers in Arms


You were on level 1 of the Depths.
You worshipped Trog.
Trog was extremely pleased with you.
You visited 2 branches of the dungeon, and saw 16 of its levels.

You collected 858 gold pieces.

Inventory:

Hand Weapons
 i - a +4 vorpal hunting sling
 j - a +2 dagger of protection
 o - a +2 quarterstaff of chaos
 B - a +1 hand axe of freezing
 C - the +7 captain's cutlass (weapon) {speed, disarm}
   (You found it on level 6 of the Dungeon)

   Attacks with this weapon are significantly faster.
 E - the +9 shortbow "Killer Bee's Regret" {flame, rPois Will+}
   (You found it on level 7 of the Dungeon)

   It causes projectiles fired from it to burn those they strike, causing extra
   injury to most foes and up to half again as much damage against particularly
   susceptible opponents.
   It protects you from poison.
   It increases your willpower.
 H - a +6 long sword
 I - a +1 double sword of electrocution
 Q - a +5 great sword
Missiles
 s - 2 throwing nets
Armour
 b - a +1 animal skin
 e - a +0 scale mail of fire resistance
 g - a +0 pair of gloves (worn)
 m - a +2 pair of boots
 p - a +2 cloak (worn)
 q - a +3 tower shield of positive energy (worn)
 u - +0 steam dragon scales (worn)
 w - the +0 buckler "Reoriutuff" {rCorr Str-5 Stlth+}
   (You found it on level 6 of the Dungeon)

   It affects your strength (-5).
   It protects you from acid and corrosion.
   It makes you more stealthy.
 F - a +2 hat of stealth (worn)
Jewellery
 f - the ring of Jealousy {rPois rN+ Will- AC+4}
   (You acquired it on level 11 of the Dungeon)

   [ring of protection]

   It affects your AC (+4).
   It protects you from poison.
   It protects you from negative energy.
   It decreases your willpower.
 l - a +4 ring of slaying (left hand)
 t - a ring of see invisible
 v - a ring of fire
 G - an amulet of reflection (around neck)
 L - a +4 ring of evasion (right hand)
Wands
 c - a wand of flame (51)
 h - a wand of iceblast (13)
 x - a wand of acid (7)
 D - a wand of paralysis (11)
 M - a wand of digging (3)
 O - a wand of polymorph (10)
 P - a wand of charming (13)
Scrolls
 a - a scroll of fog
 d - 5 scrolls of blinking
 r - 4 scrolls of teleportation
 y - 3 scrolls of enchant weapon
 K - 2 scrolls of identify
 N - a scroll of magic mapping
Potions
 k - a potion of haste
 n - a potion of mutation
 z - a potion of ambrosia
 A - 7 potions of curing
 J - a potion of resistance
 R - a potion of heal wounds
 S - a potion of cancellation {unknown}


   Skills:
 * Level 13.0 Fighting
 * Level 10.9 Short Blades
 - Level 8.0 Axes
 + Level 9.0 Armour
 + Level 8.9 Dodging
 + Level 6.3 Stealth
 * Level 8.8 Shields


You had 13 spell levels left.
You didn't know any spells.
Your spell library contained the following spells:

 Spells                   Type           Power      Damage    Failure   Level
 Animate Skeleton         Necr           0%         N/A       97%         1
 Corona                   Hex            0%         N/A       97%         1
 Pain                     Necr           0%         1d4       97%         1
 Ensorcelled Hibernation  Hex/Ice        0%         N/A       99%         2
 Confusing Touch          Hex            0%         N/A       100%        3
 Dazzling Flash           Conj/Hex       0%         N/A       100%        3
 Ignite Poison            Fire/Tmut/Pois 0%         N/A       100%        3
 Tukima's Dance           Hex            0%         N/A       100%        3
 Vampiric Draining        Necr           0%         2d6       100%        3
 Animate Armour           Summ/Erth      0%         N/A       100%        4
 Animate Dead             Necr           0%         N/A       100%        4
 Leda's Liquefaction      Hex/Erth       0%         N/A       100%        4
 Agony                    Necr           0%         N/A       100%        5
 Bolt of Magma            Conj/Fire/Erth 0%         4d4       100%        5
 Borgnjor's Vile Clutch   Necr/Erth      0%         N/A       100%        5
 Fireball                 Conj/Fire      0%         3d3       100%        5
 Irradiate                Conj/Tmut      0%         3d13      100%        5
 Blade Hands              Tmut           0%         N/A       100%        6
 Death Channel            Necr           0%         N/A       100%        6
 Iron Shot                Conj/Erth      0%         9d1       100%        6
 Simulacrum               Ice/Necr       0%         N/A       100%        6
 Starburst                Conj/Fire      0%         8x6d3     100%        6
 Statue Form              Tmut/Erth      0%         N/A       100%        6
 Dragon Form              Tmut           0%         N/A       100%        7
 Ignition                 Fire           0%         3d3       100%        8
 Shatter                  Erth           0%         3d5*      100%        9


Dungeon Overview and Level Annotations

Branches:
Dungeon (15/15)            Temple (0/1) D:4            Lair (0/6) D:8
    Orc (0/2) D:11         Vaults (0/5) D:13         Depths (1/5) D:15

Altars:
Ashenzari
Makhleb
Okawaru
Ru
Sif Muna
Wu Jian
Yredelemnul
Zin
The Shining One

Portals:
Hell: Depths:1

Annotations:
D:6 Blork the orc
D:13 2 runed translucent doors, Ceam's ghost, journeyman DsBe
Depths:1 2 runed translucent doors, Gonzollydolly's ghost, veteran HONe


Innate Abilities, Weirdness & Mutations

You have hoof-like feet.
You are surrounded by a moderate repulsion field. (EV +3)
Your demonic aura sometimes causes spilled blood to erupt in flames.
You regenerate magic rapidly.


Message History

You see here a +0 chain mail.
You see here a +0 demon trident of flaming.
You see here a +0 robe.
You see here a +0 scimitar of protection.
You see here a +0 demon trident of flaming.
You see here a +0 chain mail.
You see here a +0 chain mail.
You see here a piece from Xom's chessboard (15/15).
Found a stone staircase leading down.
Found a glowing dagger.
You see here a +1 dagger of speed.
A hell hog comes into view.
A hell hog is nearby!
There is a large open door here.
The hell hog squeals angrily.
The hell knight shouts!
A hell hog comes into view.
The hell knight mumbles some strange words.
The hell knight seems to speed up.
The hell hog moves out of view.
Found a gateway to Hell.
A reaper comes into view. It is wielding a +0 vorpal scythe.
The hell hog sets off the alarm!
The alarm trap emits a blaring wail!
A sentinel's mark forms upon you.
The hell hog squeals angrily.
A reaper comes into view. It is wielding a +3 vorpal scythe.
Found 2 large rocks.
Found a runed demon whip and a glowing short sword.
Found a runed demon blade.
The hell hog breathes fire at you.
The fireball explodes!
The fireball engulfs you!! The hell hog breathes fire at you.
The fireball explodes!
The fireball engulfs you.
The hell knight points at you and mumbles some strange words.
The bolt of fire hits you! The hell hog breathes fire at you.
The fireball explodes!
The fireball engulfs you!!!
* * * LOW HITPOINT WARNING * * *
The hell hog breathes fire at you.
The fireball explodes!
The fireball engulfs you!!!
You die...

#.#....§≈§.........§≈....
#.#....§§.§........§§....
#.#....§h))..∩......≈....
#.#....§≈ph........≈≈....
#.#....≈≈≈2.......≈≈≈....
#.#....≈≈≈≈2h....§§§≈....
#.#....≈≈≈≈§§.§§≈§§§≈....
#.##....≈≈≈≈≈≈§≈ §≈≈....#
#########..###..@.≈≈§≈≈≈ ....###
.............####....... ####^.
................############.....
.................................
.................................
.................................
.......................>.........
.................................
#################################


You could see 2 reapers, a hell knight (fast) and 3 hell hogs.

Vanquished Creatures
  Jorgrun (D:14)
  Gastronok (D:11)
  A balrug (Depths:1)
  2 frost giants (Depths:1)
  6 stone giants
  2 fire dragons (Depths:1)
  Harold (D:11)
  An ice dragon (Depths:1)
  3 boulder beetles
  5 hydras
  2 rakshasas
  A catoblepas (D:13)
  2 centaur warriors (D:13)
  3 two-headed ogres
  2 dancing weapons (D:13)
  4 tengu warriors
  4 deep troll earth magi (Depths:1)
  Urug (D:11)
  A soul eater (Depths:1)
  6 hell knights (Depths:1)
  2 sun demons (Depths:1)
  A fire crab (shapeshifter) (D:14)
  2 deep trolls (D:15)
  2 deep elf pyromancers
  2 wizards
  A necromancer (Depths:1)
  4 ugly things (Depths:1)
  5 manticores
  5 cyclopes
  5 centaur zombies
  A smoke demon (Depths:1)
  An unseen horror (D:11)
  A tengu conjurer (D:15)
  An efreet (D:13)
  2 trolls
  Grinder (D:3)
  A hornet (D:9)
  5 slime creatures (D:12)
  Sigmund (D:6)
  3 shadows
  A centaur simulacrum (D:14)
  6 yaks (D:9)
  A wraith (D:11)
  Eustachio (D:4)
  3 vampire mosquitoes (D:12)
  4 steam dragons
  An acid dragon (D:13)
  A water moccasin (D:6)
  3 orc warriors
  2 black bears
  An ice beast (D:8)
  A sky beast (D:8)
  3 ogres
  The ghost of Anon1729 the Skirmisher, an amateur DsBe of Trog (D:3)
  2 necrophages
  A phantom (D:7)
  3 centaurs
  4 kobold brigands
  3 bullfrogs
  A gnoll sergeant (D:13)
  A water moccasin skeleton (D:4)
  A wyvern skeleton (D:6)
  12 killer bees
  A wight (D:9)
  A howler monkey (D:9)
  An electric eel (D:14)
  A bullfrog zombie (D:7)
  A hound (D:6)
  Crazy Yiuf (D:4)
  4 orc priests
  A jelly (D:8)
  A gnoll shaman (D:8)
  2 bullfrog skeletons
  2 iguanas
  7 orc wizards
  A hound skeleton (D:4)
  A howler monkey zombie (D:9)
  A howler monkey skeleton (D:5)
  10 adders
  15 gnolls
  A white imp (D:8)
  An ufetubus (D:5)
  2 adder skeletons
  4 worms
  39 orcs
  4 ball pythons
  8 endoplasms
  A giant cockroach (D:2)
  5 goblins
  6 hobgoblins
  3 jackals (D:3)
  3 quokkas
  8 bats
  4 frilled lizards
  21 kobolds
  5 rats
318 creatures vanquished.

Vanquished Creatures (others)
  A deep elf pyromancer (D:13)
  A bush (D:9)
2 creatures vanquished.

Grand Total: 320 creatures vanquished

Notes
Turn   | Place    | Note
-------+----------+-------------------------------------------
     0 | D:1      | senseless the Demonspawn Berserker began the quest for the
                  | Orb.
     0 | D:1      | Reached XP level 1. HP: 18/18 MP: 1/1
   598 | D:1      | Gained mutation: Your demonic aura sometimes causes spilled
                  | blood to erupt in flames. [demonic ancestry]
   598 | D:1      | Reached XP level 2. HP: 24/24 MP: 2/2
  1290 | D:2      | Gained mutation: You are surrounded by a mild repulsion
                  | field. (EV +2) [demonic ancestry]
  1290 | D:2      | Reached XP level 3. HP: 24/29 MP: 3/3
  1619 | D:2      | Reached skill level 1 in Stealth
  1619 | D:2      | Reached XP level 4. HP: 11/35 MP: 4/4
  1975 | D:2      | Reached ** piety under Trog
  2655 | D:3      | Reached XP level 5. HP: 41/41 MP: 5/5
  2741 | D:3      | Noticed Grinder
  2741 | D:3      | Paralysed by Grinder for 2 turns
  2749 | D:3      | Paralysed by Grinder for 5 turns
  2770 | D:3      | Paralysed by Grinder for 7 turns
  2782 | D:3      | Paralysed by Grinder for 2 turns
  2792 | D:3      | Killed Grinder
  2793 | D:3      | Reached skill level 4 in Fighting
  2793 | D:3      | Reached skill level 5 in Axes
  2793 | D:3      | Gained mutation: You regenerate magic rapidly. [demonic
                  | ancestry]
  2793 | D:3      | Reached XP level 6. HP: 17/48 MP: 6/6
  3292 | D:3      | Found a broken altar of Ashenzari.
  3403 | D:3      | Found a runed translucent door.
  3404 | D:3      | Noticed Anon1729's ghost (amateur DsBe)
  3436 | D:3      | Killed Anon1729's ghost
  3617 | D:4      | Noticed Eustachio
  3632 | D:4      | Killed Eustachio
  3633 | D:4      | Reached XP level 7. HP: 52/55 MP: 7/7
  4272 | D:4      | You fall into a shaft and drop 1 floor!
  4272 | D:5      | Entered Level 5 of the Dungeon
  4458 | D:4      | Found a staircase to the Ecumenical Temple.
  4639 | D:4      | Reached *** piety under Trog
  4658 | D:4      | Found a runed translucent door.
  4659 | D:4      | Noticed Crazy Yiuf
  4730 | D:4      | Reached skill level 5 in Fighting
  4945 | D:4      | Killed Crazy Yiuf
  4946 | D:4      | Reached XP level 8. HP: 62/62 MP: 8/8
  5305 | D:5      | Found a burning altar of Makhleb.
  5728 | D:5      | Found a sacrificial altar of Ru.
  6129 | D:6      | Noticed Sigmund
  6133 | D:6      | Killed Sigmund
  6515 | D:6      | Identified the +0 buckler "Reoriutuff" {rCorr Str-5 Stlth+}
  7048 | D:6      | Reached XP level 9. HP: 69/69 MP: 9/9
  7271 | D:6      | Noticed Blork the orc
  7277 | D:6      | Found a shimmering blue altar of Sif Muna.
  7456 | D:6      | Found the +7 captain's cutlass {speed, disarm}
  7657 | D:7      | Reached skill level 6 in Fighting
  7657 | D:7      | Reached skill level 1 in Short Blades
  8189 | D:7      | Found an iron altar of Okawaru.
  8598 | D:7      | Found an ornate altar of the Wu Jian Council.
  8626 | D:7      | Identified the +9 shortbow "Killer Bee's Regret" {flame,
                  | rPois Will+}
  8973 | D:8      | Reached **** piety under Trog
  8979 | D:8      | Reached skill level 7 in Fighting
  8979 | D:8      | Reached skill level 5 in Armour
  9158 | D:8      | Reached skill level 5 in Dodging
  9220 | D:8      | Found a staircase to the Lair.
  9874 | D:9      | Reached XP level 10. HP: 79/79 MP: 10/10
  9987 | D:9      | Noticed a tengu warrior
 10000 | D:9      | Killed a tengu warrior
 10001 | D:9      | Reached skill level 8 in Fighting
 10090 | D:9      | Reached skill level 5 in Short Blades
 10219 | D:9      | Noticed a two-headed ogre
 10225 | D:9      | Killed a two-headed ogre
 10381 | D:9      | Reached ***** piety under Trog
 10382 | D:9      | Reached skill level 9 in Fighting
 10932 | D:9      | Found a basalt altar of Yredelemnul.
 11347 | D:10     | Entered Level 10 of the Dungeon
 11754 | D:10     | Reached XP level 11. HP: 89/89 MP: 11/11
 11916 | D:11     | Noticed Harold
 11925 | D:11     | Killed Harold
 11926 | D:11     | Reached skill level 1 in Shields
 12005 | D:11     | Found a staircase to the Orcish Mines.
 12020 | D:11     | Noticed a boulder beetle
 12036 | D:11     | Killed a boulder beetle
 12302 | D:11     | Noticed a two-headed ogre
 12309 | D:11     | Killed a two-headed ogre
 12411 | D:11     | Noticed Gastronok
 12426 | D:11     | Killed Gastronok
 12427 | D:11     | Reached skill level 10 in Fighting
 12628 | D:11     | Noticed a two-headed ogre
 12635 | D:11     | Killed a two-headed ogre
 12691 | D:11     | Noticed Urug
 12704 | D:11     | Killed Urug
 13017 | D:11     | Identified a scroll of acquirement
 13017 | D:11     | Acquired the ring of Jealousy {rPois rN+ Will- AC+4}
 13197 | D:12     | Gained mutation: You have large cloven feet. [demonic
                  | ancestry]
 13197 | D:12     | Reached XP level 12. HP: 98/98 MP: 12/12
 13870 | D:12     | Received a gift from Trog
 14364 | D:13     | Noticed a catoblepas
 14372 | D:13     | Killed a catoblepas
 14373 | D:13     | Reached skill level 5 in Shields
 14424 | D:13     | Found a gate to the Vaults.
 14514 | D:13     | Noticed a seven-headed hydra
 14522 | D:13     | Killed a seven-headed hydra
 14523 | D:13     | Reached skill level 11 in Fighting
 14626 | D:13     | Found a runed translucent door.
 14651 | D:13     | Noticed an eight-headed hydra
 14657 | D:13     | Killed an eight-headed hydra
 14793 | D:13     | Noticed a centaur warrior
 14793 | D:13     | Noticed a six-headed hydra
 14818 | D:13     | Killed a centaur warrior
 14930 | D:13     | Noticed a centaur warrior
 14935 | D:13     | Killed a centaur warrior
 14943 | D:13     | Killed a six-headed hydra
 15063 | D:13     | Found a runed translucent door.
 15212 | D:13     | Noticed a lich
 15212 | D:13     | Noticed Ceam's ghost (journeyman DsBe)
 15692 | D:14     | Noticed Jorgrun
 15703 | D:14     | Killed Jorgrun
 15704 | D:14     | Gained mutation: You have hoof-like feet. [demonic
                  | ancestry]
 15704 | D:14     | Reached XP level 13. HP: 106/106 MP: 13/13
 16275 | D:15     | Entered Level 15 of the Dungeon
 16545 | D:15     | Found a staircase to the Depths.
 16545 | D:15     | Noticed a stone giant
 16550 | D:15     | Killed a stone giant
 16881 | D:15     | Reached skill level 12 in Fighting
 17141 | D:15     | Reached skill level 5 in Stealth
 17578 | Depths:1 | Entered Level 1 of the Depths
 17602 | Depths:1 | Noticed a stone giant
 17626 | Depths:1 | Killed a stone giant
 17759 | Depths:1 | Found a large runed translucent door.
 17761 | Depths:1 | Found a large runed translucent door.
 17763 | Depths:1 | Noticed Gonzollydolly's ghost (veteran HONe)
 17784 | Depths:1 | Noticed a fire dragon
 17799 | Depths:1 | Killed a fire dragon
 17800 | Depths:1 | Reached skill level 10 in Short Blades
 17924 | Depths:1 | Noticed a stone giant
 17940 | Depths:1 | Killed a stone giant
 18353 | Depths:1 | Noticed a stone giant
 18365 | Depths:1 | Noticed a stone giant
 18369 | Depths:1 | Killed a stone giant
 18376 | Depths:1 | Killed a stone giant
 18514 | Depths:1 | HP: 2/109 [hell knight/+1 demon trident (12)]
 18516 | Depths:1 | Noticed a stone giant
 18516 | Depths:1 | Noticed a frost giant
 18584 | Depths:1 | Gained mutation: You are surrounded by a moderate repulsion
                  | field. (EV +3) [demonic ancestry]
 18584 | Depths:1 | Reached XP level 14. HP: 44/116 MP: 14/14
 18891 | Depths:1 | Noticed a frost giant
 19172 | Depths:1 | Killed a stone giant
 19179 | Depths:1 | Killed a frost giant
 19300 | Depths:1 | Noticed a balrug
 19309 | Depths:1 | Killed a balrug
 19767 | Depths:1 | Killed a frost giant
 20011 | Depths:1 | Reached skill level 13 in Fighting
 20537 | Depths:1 | Found a gateway to Hell.
 20539 | Depths:1 | Noticed a reaper
 20541 | Depths:1 | Noticed a reaper
 20564 | Depths:1 | Killed from afar by a hell hog

Illustrated notes

Levels and vault maps discovered:
D:1:      matt_arrival_los_fun, layout_basic, minivault_19
D:2:      layout_rooms
D:3:      layout_basic, cheibrodos_ashenzari_chains, gammafunk_ghost_grave,
          minmay_fractal_squares_5, uniq_grinder
D:4:      layout_cave_pools, minmay_temple_entry_proselytizer,
          uniq_crazy_yiuf_cottage, uniq_eustachio
D:5:      layout_layer_cave, amcnicky_altar_gilded, nicolae_ru_path_of_blood,
          chequers_serial_rivers_room_a
D:6:      layout_basic, tgw_sif, uniq_blork_the_orc, uniq_sigmund
D:7:      layout_layer_cave, kennysheep_mini, nicolae_overflow_hidden_temple,
          nicolae_overflow_crystal_walls, wad_floor_pattern_2,
          amcnicky_mini_corridor_feature, dk_rats_in_the_wall
D:8:      layout_loops_corners, dpeg_oklobed_lair, kennysheep_nub
D:9:      layout_long_grid, lemuel_tele_altar, serial_park_tiny_pond,
          st_stairs_4, kb_lookout_dungeons_type
D:10:     layout_rooms, lemuel_crystal_altar
D:11:     layout_basic, orc_0_dummy, uniq_gastronok, uniq_harold, uniq_urug
D:12:     layout_loops_corners
D:13:     layout_cave_pools, erik_vaults_1, muffindrake_ghost_dual_entry,
          serial_bayou_pond_b
D:14:     layout_loops_ring, moated_statue, fountainhead, uniq_jorgrun
D:15:     hangedman_depths_entry_civil_slaughter, layout_irregular_city,
          small_statue_alley_a, lemuel_flamethrower_2
Depths:1: layout_forbidden_donut, ebering_ghost_disaster_area, hellmouth_2,
          feat_on_display

Skill      XL: |  1  2  3  4  5  6  7  8  9 10 11 12 13 14 |
---------------+-------------------------------------------+-----
Dodging        | 2 3 4 5 6 7 8 |  8.9
Axes           | 3 4 5 6 8 |  8.0
Stealth        | 1 2 4 5 6 |  6.3
Fighting       | 4 5 7 9 10 11 12 13 | 13.0
Armour         | 2 4 5 6 7 8 9 |  9.0
Short Blades   | 4 6 7 9 10 | 10.9
Shields        | 4 6 8 |  8.8

Action                   |  1- 3 |  4- 6 |  7- 9 | 10-12 | 13-15 || total
-------------------------+-------+-------+-------+-------+-------++-------
Melee: Hand axe          |    83 |   140 |   228 |       |       ||   451
       Cutlass           |       |       |   124 |   351 |   281 ||   756
       Kick              |       |       |       |       |   112 ||   112
Invok: Berserk           |     3 |     6 |    18 |    18 |    13 ||    58
       Trog's Hand       |       |     1 |       |       |       ||     1
  Use: Scroll            |     1 |     6 |     9 |     9 |     3 ||    28
       Potion            |       |     2 |       |     7 |     3 ||    12
 Stab: Sleeping          |     2 |     2 |     2 |     8 |     3 ||    17
Armor: Animal skin       |    12 |    25 |     6 |       |       ||    43
       Skin              |       |    12 |       |       |       ||    12
       Scale mail        |       |       |    52 |       |       ||    52
       Steam dragon scal |       |       |    47 |   100 |    33 ||   180
Dodge: Dodged            |    78 |    70 |   205 |   113 |    86 ||   552
Block: Other             |       |       |       |    19 |       ||    19
       Reflection        |       |       |       |    12 |     3 ||    15
       Tower shield      |       |       |       |   220 |   234 ||   454

Table legend: (Time is in decaauts)
 A = Elapsed time spent in this place.
 B = Non-inter-level travel time spent in this place.
 C = Inter-level travel time spent in this place.
 D = Time resting spent in this place.
 E = Time spent auto-exploring this place.
 F = Levels seen in this place.
 G = Mean time per level.
                   A        B        C        D        E       F      G
               +--------+--------+--------+--------+--------+-----+--------+
         Total |  21008 |  20526 |    482 |   6019 |  11866 |  16 | 1313.0 |
       Dungeon |  17976 |  17494 |    482 |   3745 |  11465 |  15 | 1198.4 |
        Depths |   3032 |   3032 |      0 |   2273 |    401 |   1 | 3032.0 |
               +--------+--------+--------+--------+--------+-----+--------+

Top non-repeatable levels by time:
Depths:1: 3032 daAuts
     D:9: 1533 daAuts
     D:6: 1487 daAuts
     D:3: 1468 daAuts
    D:12: 1352 daAuts
    D:15: 1304 daAuts
     D:4: 1273 daAuts
     D:5: 1230 daAuts
     D:7: 1220 daAuts
     D:1: 1215 daAuts
    D:11: 1201 daAuts
     D:2: 1112 daAuts
     D:8: 1043 daAuts
    D:14: 999 daAuts
    D:13: 983 daAuts
